 Dungeon Crawl Stone Soup version 0.29-a0-813-g4a14ea37d6 (webtiles) character file.

Game seed: 10340557307895521364

200040 vineage the Warrior (level 18, -1/131 HPs)
             Began as a Gargoyle Fighter on July 4, 2022.
             Was the Champion of Okawaru.
             Killed from afar by a Hell Sentinel (25 damage)
             ... with damnation
             ... on level 2 of the Abyss.
             The game lasted 00:47:18 (45471 turns).

vineage the Warrior (Gargoyle Fighter)             Turns: 45471, Time: 00:47:19

Health: -1/131     AC: 49    Str: 33    XL:     18   Next: 94%
Magic:  19/25      EV: 11    Int: 11    God:    Okawaru [******]
Gold:   1901       SH: 16    Dex: 15    Spells: 17/17 levels left

rFire   + . .      SeeInvis .   O - +4 eveningstar (holy)
rCold   . . .      Faith    .   T - +1 kite shield {reflect}
rNeg    + . .      Spirit   .   v - +2 chain mail of Filth {rElec Dex+6}
rPois   ∞          Reflect  +   F - +0 helmet
rElec   +          Harm     .   U - +2 cloak {Stlth+}
rCorr   .          Rampage  .   Z - +1 pair of gloves
Will    +....                   w - +0 pair of boots
Stlth   +.........              m - amulet of magic regeneration
HPRegen 0.31/turn               W - ring of the Tortoise {AC+8}
MPRegen 0.59/turn               f - ring "Kuesiwn" {rF+ Str+7}

@: heroic, finesse-ful, flying, studying Necromancy
A: sickness immunity, AC +13, big wings, negative energy resistance 1,
electricity resistance, torment resistance 1, petrification resistance
a: Renounce Religion, Heroism, Finesse, Duel


You were on level 2 of the Abyss.
You worshipped Okawaru.
Okawaru was exalted by your worship.
You visited 5 branches of the dungeon, and saw 27 of its levels.
You visited the Abyss 2 times.

You collected 2756 gold pieces.
You spent 855 gold pieces at shops.

Inventory:

Hand Weapons
 a - a +0 flail
 p - a +2 flail of protection
 D - a +6 vorpal demon whip
 O - a +4 eveningstar of holy wrath (weapon)
Missiles
 K - a throwing net (quivered)
Armour
 c - a scarf of shadows
 v - the +2 chain mail of Filth (worn) {rElec Dex+6}
   (Okawaru gifted it to you on level 6 of the Lair of Beasts)

   Dex:       It affects your dexterity (+6).
   rElec:     It insulates you from electricity.
 w - a +0 pair of boots (worn)
 y - the +2 hat of the Bear Spirit {Spirit, *Rage Will++}
   (Okawaru gifted it to you on level 15 of the Dungeon)

   Going berserk makes the wearer tougher, and they're slowed less afterward.
   *Rage:     It berserks you when you make melee attacks (+20% chance).
   Will:      It greatly increases your willpower.
 C - a +2 buckler
 F - a +0 helmet (worn)
 P - a +1 cloak of poison resistance
 S - a +0 pair of gloves
 T - a +1 kite shield of reflection (worn)
 U - a +2 cloak of stealth (worn)
 Z - a +1 pair of gloves (worn)
Jewellery
 f - the ring "Kuesiwn" (right hand) {rF+ Str+7}
   (You acquired it on level 1 of the Dungeon)

   [ring of protection from fire]

   Str:       It affects your strength (+7).
   rF:        It protects you from fire.
 i - an amulet of guardian spirit
 m - an amulet of magic regeneration (around neck)
 o - an amulet of faith
 t - a +6 ring of dexterity
 z - a ring of ice
 W - the ring of the Tortoise (left hand) {AC+8}
   (You found it on level 4 of the Lair of Beasts)

   [ring of protection]

   AC:        It affects your AC (+8).
Wands
 b - a wand of digging (6)
 j - a wand of acid (6)
 n - a wand of mindburst (28)
 Y - a wand of roots (13)
Scrolls
 l - a scroll of teleportation
 u - 3 scrolls of blinking
 B - 5 scrolls of fog
 G - 3 scrolls of poison
 H - 3 scrolls of amnesia
 N - 4 scrolls of identify
 Q - a scroll of silence
 R - 4 scrolls of magic mapping
 V - 2 scrolls of fear
 X - 3 scrolls of enchant armour
Potions
 d - 4 potions of might
 e - 10 potions of curing
 g - 6 potions of magic
 h - 4 potions of cancellation
 k - 8 potions of haste
 q - 3 potions of invisibility
 r - 4 potions of brilliance
 s - 4 potions of resistance
 x - 17 potions of attraction
 A - 3 potions of ambrosia
 E - 6 potions of lignification
 I - 2 potions of berserk rage
 J - 5 potions of mutation
 L - 2 potions of flight
 M - 5 potions of heal wounds


   Skills:
 * Level 20.8(25.8) Fighting
 * Level 19.0(24.0) Maces & Flails
 + Level 15.2(20.2) Armour
 + Level 15.2(20.2) Shields
 - Level 9.6 Invocations


You had 17 spell levels left.
You didn't know any spells.
Your spell library contained the following spells:

 Spells                   Type           Power      Damage    Failure   Level
 Apportation              Tloc           0%         N/A       75%         1
 Foxfire                  Conj/Fire      0%         2x1d4     75%         1
 Freeze                   Ice            0%         1d3       75%         1
 Necrotise                Necr           0%         1d4       75%         1
 Slow                     Hex            0%         N/A       75%         1
 Conjure Flame            Conj/Fire      0%         6-21      98%         3
 Frozen Ramparts          Ice            0%         1d2       98%         3
 Ignite Poison            Fire/Tmut/Pois 0%         N/A       98%         3
 Inner Flame              Hex/Fire       0%         N/A       98%         3
 Ozocubu's Armour         Ice            0%         N/A       98%         3
 Airstrike                Air            0%         0-1+      100%        4
 Flame Wave               Conj/Fire      0%         2d4       100%        4
 Hailstorm                Conj/Ice       0%         3d3       100%        4
 Ice Form                 Ice/Tmut       0%         N/A       100%        4
 Sticky Flame             Conj/Fire      0%         2d3       100%        4
 Alistair's Intoxication  Tmut/Pois      0%         N/A       100%        5
 Lightning Bolt           Conj/Air       0%         1d11      100%        5
 Ozocubu's Refrigeration  Ice            0%         4d5       100%        7
 Summon Small Mammal      Summ           Unusable   N/A       N/A         1
 Summon Ice Beast         Ice/Summ       Unusable   N/A       N/A         4
 Summon Lightning Spire   Summ/Air       Unusable   N/A       N/A         4

Dungeon Overview and Level Annotations

Branches:
Dungeon (15/15)            Temple (1/1) D:6            Lair (6/6) D:10
 Shoals (0/4) Lair:3       Spider (0/4) Lair:3        Slime (0/5) Lair:5
    Orc (2/2) D:10            Elf (3/3) Orc:2        Vaults (0/5) D:13
 Depths (0/4) D:15

Altars:
Ashenzari
Cheibriados
Dithmenos
Elyvilon
Fedhas
Gozag
Hepliaklqana
Kikubaaqudgha
Makhleb
Nemelex Xobeh
Okawaru
Qazlal
Ru
Sif Muna
Trog
Uskayaw
Vehumet
Wu Jian
Xom
Yredelemnul
Zin
The Shining One
Jiyva

Shops:
D:11 =   D:13 !*[[=   D:14 ?   Orc:2 ![?:*

Annotations:
Lair:4 exclusion: oklob plant
Lair:6 exclusion: obsidian statue


Innate Abilities, Weirdness & Mutations

You are immune to sickness and miasma.
Your stone body is resilient. (AC +13)
You are immune to poison.
Your large and strong wings let you fly.
You resist negative energy. (rN+)
You are resistant to electric shocks. (rElec)
You are resistant to unholy torment.
You are immune to petrification.


Message History

A Hell Sentinel is nearby!
The Hell Sentinel hits you but does no damage.
The Hell Sentinel hits you.
You barely miss the Hell Sentinel. You impale the Hell Sentinel!!
The Hell Sentinel convulses!
The Hell Sentinel is moderately wounded.
The Hell Sentinel gestures at you. The iron shot hits you!!
You are too injured to fight recklessly!
You are too injured to fight recklessly!
You are too injured to fight recklessly!
You are too injured to fight recklessly!
You are too injured to fight recklessly!
You are too injured to fight recklessly!
You are too injured to fight recklessly!
You are too injured to fight recklessly!
You are too injured to fight recklessly!
You are too injured to fight recklessly!
You are too injured to fight recklessly!
You are too injured to fight recklessly!
You are too injured to fight recklessly!
You hit the Hell Sentinel but do no damage.
The Hell Sentinel is moderately wounded.
The Hell Sentinel hits you!
* * * LOW HITPOINT WARNING * * *
You block the Hell Sentinel's attack.
You can now deal lightning-fast blows.
The Hell Sentinel hits you!
* * * LOW HITPOINT WARNING * * *
The Hell Sentinel hits you but does no damage.
You gain the combat prowess of a mighty hero.
You block the Hell Sentinel's attack.
The Hell Sentinel hits you but does no damage.
You bludgeon the Hell Sentinel!!
The Hell Sentinel convulses!
The Hell Sentinel is heavily wounded.
You sock the Hell Sentinel!
The Hell Sentinel convulses.
The Hell Sentinel is heavily wounded.
The Hell Sentinel gestures at you.
The sphere of damnation explodes!
The damnation engulfs you!!
You die...

#. . # .. ###.
### .. .. .##.#
## .. # #.# # .
#. .## ##.#.#
.##..
#......#@1..##.
.# #....##....#
.
....###..##..##
# . . . #.....##
.# #. . #.#.....
#.# . ##.
##.#....).###...
. ...##.###.
...# #. .###
###.##....... #.
.....##


You could see a Hell Sentinel.

Vanquished Creatures
  A bone dragon (Abyss:2)
  Rupert (D:14)
  2 deep elf blademasters (Elf:3)
  A deep elf master archer (Elf:3)
  2 tentacled starspawn (Abyss:2)
  An Executioner (Abyss:2)
  Kirke (Lair:4)
  4 deep elf sorcerers
  A balrug (Abyss:2)
  The ghost of Kaive the Fighter, a journeyman MiFi of Okawaru (Lair:5)
  A reaper (Abyss:2)
  A deep elf elementalist (Elf:3)
  The ghost of Golzeb the Warrior, a journeyman MiBe of Trog (Lair:6)
  A black draconian (Abyss:2)
  4 deep elf annihilators (Elf:3)
  5 deep elf demonologists
  A lorocyproca (Abyss:2)
  4 dire elephants (Lair:6)
  3 deep elf death magi (Elf:3)
  A deep elf high priest (Elf:3)
  7 hydras
  A rakshasa (Abyss:2)
  7 boulder beetles
  A vault guard (D:13)
  10 two-headed ogres
  A catoblepas (D:14)
  2 centaur warriors
  37 dancing weapons
  6 tengu warriors
  8 death yaks
  3 thrashing horrors (Abyss:2)
  2 hell hogs (Abyss:2)
  2 orc high priests
  A vampire mage (Abyss:2)
  Urug (Lair:4)
  A sun demon (Abyss:2)
  A soul eater (Abyss:2)
  A fire crab (Lair:6)
  Sonja (Lair:6)
  19 deep elf knights
  5 skeletal warriors (D:13)
  A wretched star (Abyss:2)
  Amaemon (D:8)
  A spectral anaconda (Lair:6)
  A shadow wraith (Abyss:2)
  10 deep elf archers
  A lindwurm (shapeshifter) (Elf:2)
  34 deep elf zephyrmancers
  4 harpies (D:15)
  26 deep elf pyromancers
  2 starcursed masses (Abyss:2)
  4 orc sorcerers
  A mana viper (Abyss:2)
  8 necromancers
  8 orc knights
  21 ugly things
  3 manticores
  A worldbinder (Abyss:2)
  3 cyclopes
  An apocalypse crab (Abyss:2)
  2 moths of wrath (Lair:5)
  A guardian serpent (shapeshifter) (Abyss:2)
  A dire elephant zombie (Lair:6)
  A rust devil (Abyss:2)
  A naga mage (D:15)
  A centaur zombie (D:15)
  14 elephants
  A torpor snail (Lair:6)
  2 black mambas
  2 gargoyles
  14 cane toads
  A smoke demon (Abyss:2)
  A centaur skeleton (D:15)
  4 orange demons
  A dire elephant skeleton (Lair:6)
  A kobold demonologist (D:9)
  2 unseen horrors
  5 efreet
  Psyche (D:8)
  A rime drake (Lair:2)
  12 komodo dragons
  A freezing wraith (D:15)
  3 tengu conjurers (D:14)
  An ancient zyme (Abyss:2)
  7 trolls
  A queen bee (Lair:1)
  2 merfolk (Lair:3)
  4 hornets
  Grinder (D:3)
  4 polar bears
  A slime creature (D:12)
  14 dream sheep
  18 blink frogs
  Sigmund (D:3)
  A centaur simulacrum (D:15)
  A jumping spider (shapeshifter) (D:15)
  3 culicivoras (Lair:3)
  3 air elementals (Elf:3)
  6 spriggans (Lair:5)
  56 yaks
  8 large abominations (Abyss:2)
  5 wyverns
  23 humans
  5 water elementals
  2 wraiths
  A fire elemental (Elf:2)
  2 neqoxecs (Abyss:2)
  8 hogs
  4 steam dragons
  16 vampire mosquitoes
  6 basilisks
  Menkaure (D:5)
  12 wargs
  4 acid dragons
  15 water moccasins
  A hornet zombie (D:15)
  32 orc warriors
  A sky beast (D:7)
  4 ogres
  A fire dragon simulacrum (Abyss:2)
  7 small abominations (Abyss:2)
  6 centaurs
  A phantom (D:6)
  16 bullfrogs
  3 gnoll sergeants
  2 necrophages
  9 scorpions
  2 cane toad simulacra (Lair:6)
  2 earth elementals (Elf:2)
  34 killer bees
  An electric eel (Lair:3)
  7 howler monkeys
  3 hounds
  A quasit (Abyss:2)
  2 jellies (D:4)
  A gnoll bouda (D:6)
  8 orc priests
  An iron imp (Abyss:2)
  Jessica (D:3)
  6 iguanas
  Ijyb (D:3)
  15 orc wizards
  4 hell rats (Lair:4)
  16 gnolls
  8 adders
  4 white imps (Abyss:2)
  A worm (D:4)
  2 dart slugs
  63 orcs
  5 bats
  9 endoplasms
  11 hobgoblins
  6 jackals
  7 kobolds
  4 quokkas
  5 ball pythons
  2 frilled lizards
  6 goblins
  25 rats
  2 starspawn tentacles (Abyss:2)
942 creatures vanquished.

Vanquished Creatures (others)
  2 deep elf knights
  2 deep elf pyromancers
  A tengu conjurer (D:14)
  A black bear (D:6)
  39 fungi
  40 plants
  10 starspawn tentacles (Abyss:2)
  40 withered plants (Lair:6)
135 creatures vanquished.

Grand Total: 1077 creatures vanquished

Notes
Turn   | Place    | Note
-------+----------+-------------------------------------------
     0 | D:1      | vineage the Gargoyle Fighter began the quest for the Orb.
     0 | D:1      | Reached XP level 1. HP: 14/14 MP: 1/1
    61 | D:1      | Found a faded altar of an unknown god.
    72 | D:1      | Reached XP level 2. HP: 9/19 MP: 2/2
   296 | D:1      | Got Plato's Textbook on Spellbinding
   381 | D:1      | You fall into a shaft and drop 1 floor!
   432 | D:2      | Reached XP level 3. HP: 21/24 MP: 3/3
   761 | D:2      | Reached skill level 4 in Fighting
   769 | D:2      | Reached XP level 4. HP: 26/29 MP: 4/4
  1470 | D:1      | Identified a scroll of acquirement
  1470 | D:1      | Acquired the ring "Kuesiwn" {rF+ Str+7}
  1944 | D:2      | Reached XP level 5. HP: 22/34 MP: 5/5
  2349 | D:3      | Noticed Grinder
  2376 | D:3      | Noticed Ijyb
  2385 | D:3      | Killed Ijyb
  2464 | D:3      | Killed Grinder
  2465 | D:3      | Reached skill level 5 in Fighting
  2465 | D:3      | Reached XP level 6. HP: 13/40 MP: 6/6
  2788 | D:3      | Noticed Jessica
  2792 | D:3      | Killed Jessica
  2793 | D:3      | Noticed Sigmund
  2815 | D:3      | Killed Sigmund
  2816 | D:3      | Reached XP level 7. HP: 21/45 MP: 7/7
  3138 | D:3      | Reached skill level 6 in Fighting
  3617 | D:4      | Found an opulent altar of Gozag.
  3651 | D:4      | Reached skill level 5 in Maces & Flails
  3822 | D:4      | Reached skill level 5 in Armour
  4151 | D:4      | Reached XP level 8. HP: 45/52 MP: 8/8
  4204 | D:4      | Reached skill level 5 in Shields
  4706 | D:5      | Entered Level 5 of the Dungeon
  4746 | D:5      | Noticed Menkaure
  4753 | D:5      | Killed Menkaure
  5038 | D:5      | Reached skill level 7 in Fighting
  5165 | D:5      | Found a shadowy altar of Dithmenos.
  5169 | D:5      | Found a bloodstained altar of Trog.
  5174 | D:5      | Found an ancient bone altar of Kikubaaqudgha.
  5516 | D:5      | Found a blossoming altar of Fedhas.
  5951 | D:6      | Found a staircase to the Ecumenical Temple.
  5974 | Temple   | Entered the Ecumenical Temple
  6112 | D:6      | Reached XP level 9. HP: 59/59 MP: 9/9
  6204 | D:6      | Reached skill level 8 in Fighting
  6528 | D:7      | Noticed a hornet
  6541 | D:7      | Killed a hornet
  6789 | D:7      | Found an ornate altar of the Wu Jian Council.
  6895 | D:7      | Found a glowing silver altar of Zin.
  7420 | D:8      | Noticed Psyche
  7444 | D:8      | Killed Psyche
  7697 | D:8      | Reached skill level 9 in Fighting
  7711 | D:8      | Noticed a hornet
  7720 | D:8      | Killed a hornet
  7830 | D:8      | Noticed Amaemon
  7830 | D:8      | Noticed an orange demon
  7840 | D:8      | Killed Amaemon
  7841 | D:8      | Reached XP level 10. HP: 51/66 MP: 10/10
  7860 | D:8      | Killed an orange demon
  8015 | D:8      | Found an iron altar of Okawaru.
  8094 | D:8      | Became a worshipper of Warmaster Okawaru
  8131 | D:8      | Reached skill level 10 in Fighting
  8506 | D:8      | Identified the +6 rapier "Peolih" {speed, rElec MP+9}
  8877 | D:8      | Found a burning altar of Makhleb.
  9042 | D:9      | Found a sacrificial altar of Ru.
  9608 | D:9      | Found a stormy altar of Qazlal.
  9630 | D:9      | Reached * piety under Okawaru
 10153 | D:9      | Noticed a two-headed ogre
 10160 | D:9      | Killed a two-headed ogre
 10161 | D:9      | Reached skill level 11 in Fighting
 10161 | D:9      | Reached XP level 11. HP: 63/74 MP: 8/11
 10295 | D:9      | Noticed a two-headed ogre
 10303 | D:9      | Killed a two-headed ogre
 10304 | D:9      | Reached skill level 10 in Maces & Flails
 10420 | D:9      | Found a glowing golden altar of the Shining One.
 10608 | D:10     | Entered Level 10 of the Dungeon
 10642 | D:9      | HP: 1/74 [something (4)]
 10649 | D:9      | Reached ** piety under Okawaru
 10995 | D:10     | Noticed a sun demon
 11280 | D:10     | Found a staircase to the Orcish Mines.
 11471 | D:10     | Found a broken altar of Ashenzari.
 12204 | D:10     | Reached *** piety under Okawaru
 12260 | D:10     | Reached skill level 12 in Fighting
 12708 | D:10     | Found a staircase to the Lair.
 12867 | D:11     | Noticed a two-headed ogre
 12874 | D:11     | Killed a two-headed ogre
 13073 | D:11     | Reached **** piety under Okawaru
 13087 | D:11     | Reached skill level 1 in Invocations
 13322 | D:11     | Noticed a two-headed ogre
 13337 | D:11     | Killed a two-headed ogre
 13338 | D:11     | Reached XP level 12. HP: 53/82 MP: 9/13
 13553 | D:11     | Identified the +0 pair of boots "Duomekeg" {rC++ Slay-6}
 13970 | D:11     | Found Lizeuqys's Jewellery Shoppe.
 14274 | D:12     | Noticed a two-headed ogre
 14281 | D:12     | Killed a two-headed ogre
 14282 | D:12     | Reached skill level 13 in Fighting
 14292 | D:12     | Reached ***** piety under Okawaru
 14483 | D:12     | Noticed a boulder beetle
 14501 | D:12     | Killed a boulder beetle
 14501 | D:12     | Received a gift from Okawaru
 14812 | D:12     | Noticed a two-headed ogre
 14881 | D:12     | Killed a two-headed ogre
 15150 | D:12     | Noticed a two-headed ogre
 15159 | D:12     | Killed a two-headed ogre
 15349 | D:12     | Noticed a two-headed ogre
 15358 | D:12     | Killed a two-headed ogre
 15358 | D:12     | Received a gift from Okawaru
 15728 | D:12     | Noticed a boulder beetle
 15738 | D:12     | Killed a boulder beetle
 15739 | D:12     | Reached skill level 10 in Armour
 15787 | D:12     | Acquired a +4 eveningstar of holy wrath
 15909 | Lair:1   | Entered Level 1 of the Lair of Beasts
 16015 | Lair:1   | Received a gift from Okawaru
 16345 | Lair:1   | Reached skill level 10 in Shields
 16345 | Lair:1   | Reached XP level 13. HP: 45/89 MP: 14/16
 17213 | Lair:1   | Reached skill level 14 in Fighting
 17789 | Lair:2   | Reached skill level 5 in Invocations
 19608 | Lair:3   | Found a hole to the Spider Nest.
 19731 | Lair:3   | Received a gift from Okawaru
 20098 | Lair:3   | Found a staircase to the Shoals.
 20357 | Lair:3   | You fall into a shaft and drop 1 floor!
 20413 | Lair:4   | Reached ****** piety under Okawaru
 20561 | Lair:4   | Noticed Kirke
 20582 | Lair:4   | Found the ring of the Tortoise {AC+8}
 20970 | Lair:4   | Noticed Urug
 20989 | Lair:4   | Killed Urug
 20990 | Lair:4   | Reached skill level 15 in Fighting
 20990 | Lair:4   | Gained mutation: Your large and strong wings let you fly.
                  | [Gargoyle growth]
 20990 | Lair:4   | Reached XP level 14. HP: 87/98 MP: 18/18
 21850 | Lair:4   | Killed Kirke
 22874 | Lair:5   | Found a transporter.
 22882 | Lair:5   | Noticed Kaive's ghost (journeyman MiFi)
 22885 | Lair:5   | Found a bloodstained altar of Trog.
 22892 | Lair:5   | Found a transporter.
 22990 | Lair:5   | Identified the +1 robe of the Butcher {rF+ rC+ Regen+}
 23118 | Lair:5   | Found a viscous altar of Jiyva.
 23122 | Lair:5   | Found a staircase to the Slime Pits.
 24084 | Lair:6   | Entered Level 6 of the Lair of Beasts
 24095 | Lair:6   | Identified the +1 ring mail "Xarhais" {*Corrode Will+++
                  | Int+2 Stlth-} (Okawaru gifted it to you on level 6 of the
                  | Lair of Beasts)
 24095 | Lair:6   | Received a gift from Okawaru
 24709 | Lair:6   | Found a transporter.
 24722 | Lair:6   | Noticed Golzeb's ghost (journeyman MiBe)
 24746 | Lair:6   | Noticed Sonja
 24753 | Lair:6   | Killed Sonja
 25226 | Lair:6   | Reached skill level 16 in Fighting
 25325 | Lair:6   | Noticed a dire elephant
 25325 | Lair:6   | Noticed a dire elephant
 25325 | Lair:6   | Noticed a dire elephant
 25403 | Lair:6   | Noticed a dire elephant
 25665 | Lair:6   | Reached XP level 15. HP: 104/104 MP: 20/20
 26364 | Lair:6   | Found a transporter.
 26375 | Lair:6   | Identified the +2 chain mail of Filth {rElec Dex+6}
                  | (Okawaru gifted it to you on level 6 of the Lair of Beasts)
 26375 | Lair:6   | Received a gift from Okawaru
 27575 | Lair:6   | Killed Golzeb's ghost
 27576 | Lair:6   | Reached skill level 15 in Maces & Flails
 27753 | Lair:5   | Killed Kaive's ghost
 28249 | Orc:1    | Entered Level 1 of the Orcish Mines
 28583 | Orc:2    | Entered Level 2 of the Orcish Mines
 28583 | Orc:2    | Found a staircase to the Elven Halls.
 28639 | Orc:2    | Found Unkiyza's Gadget Gallery.
 29120 | Orc:2    | Found Sieppime's Antique Armour Shop.
 29674 | Orc:1    | HP: 1/106 [orc knight/+3 great mace (13)]
 30233 | Orc:2    | Found Caemisch's Distillery.
 30248 | Orc:2    | Reached skill level 17 in Fighting
 30400 | Orc:2    | Bought a potion of curing for 39 gold pieces
 30400 | Orc:2    | Bought a potion of curing for 39 gold pieces
 30400 | Orc:2    | Bought a potion of resistance for 130 gold pieces
 30528 | Orc:2    | Found Tehext's Magic Scroll Emporium.
 30635 | Orc:2    | Bought a scroll of teleportation for 51 gold pieces
 30649 | Orc:2    | Found Tasaunu's Book Shop.
 30660 | Orc:2    | Received a gift from Okawaru
 31386 | D:13     | Found Viazuun's Antique Armour Boutique.
 31444 | D:13     | Found Tuost's Armour Emporium.
 31530 | D:13     | Found Hiesk's Distillery.
 31532 | D:13     | Found Orighuat's General Store.
 31546 | D:13     | Bought a potion of might for 56 gold pieces
 31546 | D:13     | Bought a potion of might for 56 gold pieces
 31546 | D:13     | Bought a potion of mutation for 112 gold pieces
 31546 | D:13     | Bought 2 potions of heal wounds for 140 gold pieces
 31546 | D:13     | Bought a potion of heal wounds for 70 gold pieces
 31549 | D:13     | Bought a scroll of teleportation for 42 gold pieces
 32228 | D:13     | Received a gift from Okawaru
 32529 | D:13     | Found Hibi's Jewellery Boutique.
 32598 | D:13     | Reached XP level 16. HP: 108/112 MP: 22/22
 32825 | D:13     | Found a gate to the Vaults.
 33039 | D:14     | Noticed Rupert
 33059 | D:14     | Paralysed by Rupert for 4 turns
 33072 | D:14     | Killed Rupert
 33252 | D:14     | Found a hazy altar of Hepliaklqana.
 33387 | D:14     | Found Sipis's Magic Scroll Shoppe.
 33392 | D:14     | Bought a scroll of enchant weapon for 120 gold pieces
 34159 | D:15     | Entered Level 15 of the Dungeon
 35158 | D:15     | Found a staircase to the Depths.
 35174 | D:15     | Reached skill level 18 in Fighting
 35544 | D:15     | Received a gift from Okawaru
 35544 | D:15     | Found the +2 hat of the Bear Spirit {Spirit, *Rage Will++}
 36154 | Elf:1    | Entered Level 1 of the Elven Halls
 37671 | Elf:1    | Noticed a Hell Sentinel
 37677 | Abyss:2  | Cast into level 2 of the Abyss (a deep elf demonologist)
 37700 | Abyss:2  | Found a corrupted altar of Lugonu.
 37762 | Abyss:2  | Noticed a bone dragon
 37784 | Abyss:2  | Killed a bone dragon
 37950 | Abyss:2  | Reached XP level 17. HP: 84/120 MP: 24/24
 38007 | Abyss:2  | Noticed a tentacled starspawn
 38051 | Abyss:2  | Killed a tentacled starspawn
 38229 | Elf:1    | Escaped the Abyss
 38266 | Elf:1    | Received a gift from Okawaru
 39089 | Elf:1    | Reached skill level 19 in Fighting
 39851 | Elf:2    | Found a runed translucent gate.
 40745 | Elf:2    | Identified the +0 hat of Xilua {Fly MP-9 Dex+6} (Okawaru
                  | gifted it to you on level 2 of the Elven Halls)
 40745 | Elf:2    | Received a gift from Okawaru
 40810 | Elf:2    | Identified the +8 hand axe of Tortfeasance {drain, Will-
                  | Int+7}
 41034 | Elf:2    | Found a runed translucent gate.
 41034 | Elf:2    | Found a runed translucent gate.
 41318 | Elf:2    | Reached XP level 18. HP: 73/129 MP: 25/25
 41952 | Elf:2    | Reached skill level 20 in Fighting
 42084 | Elf:3    | Entered Level 3 of the Elven Halls
 42196 | Elf:3    | Paralysed by an air elemental for 1 turns
 42927 | Elf:3    | Paralysed by an air elemental for 1 turns
 42935 | Elf:3    | Paralysed by an air elemental for 1 turns
 43520 | Elf:3    | Paralysed by an air elemental for 1 turns
 43524 | Elf:3    | Paralysed by an air elemental for 1 turns
 43530 | Elf:3    | Paralysed by an air elemental for 1 turns
 43543 | Elf:3    | Noticed a deep elf blademaster
 43547 | Elf:3    | Received a gift from Okawaru
 43554 | Elf:3    | Noticed a deep elf blademaster
 43560 | Elf:3    | Killed a deep elf blademaster
 43569 | Elf:3    | Noticed a deep elf master archer
 43572 | Elf:3    | Noticed a Hell Sentinel
 43603 | Elf:3    | Killed a deep elf blademaster
 44294 | Elf:3    | Noticed a deep elf master archer
 44310 | Elf:3    | Killed a deep elf master archer
 44323 | Elf:3    | Noticed an Ice Fiend
 44323 | Elf:3    | Identified the +7 mace of Discomfort {flame, rN+ MP+9
                  | Int-5}
 44323 | Elf:3    | Identified the amulet "Ebeziv" {RegenMP MP+9}
 44323 | Elf:3    | Identified the amulet "Siwaf" {Faith rC+++}
 44326 | Elf:3    | Noticed a Brimstone Fiend
 44626 | Elf:3    | Reached skill level 15 in Armour
 44642 | Elf:3    | Noticed a Brimstone Fiend
 44648 | Elf:3    | Reached skill level 15 in Shields
 45091 | Elf:3    | Identified the +6 rapier of Wu Jian's Supremacy {venom, rC+
                  | Dex+4}
 45091 | Elf:3    | Identified the ring of the Dolphin {Fly rPois rF+ rN+}
 45092 | Abyss:2  | Cast into level 2 of the Abyss (a deep elf sorcerer)
 45158 | Abyss:2  | Found a hazy altar of Hepliaklqana.
 45167 | Abyss:2  | Found a hazy altar of Hepliaklqana.
 45189 | Abyss:2  | Found a hazy altar of Hepliaklqana.
 45323 | Abyss:2  | Identified the +7 shortbow "Goemy" {flame, Dex+3} (Okawaru
                  | gifted it to you on level 2 of the Abyss)
 45323 | Abyss:2  | Received a gift from Okawaru
 45338 | Abyss:2  | Paralysed by accursed screaming for 1 turns
 45352 | Abyss:2  | Paralysed by accursed screaming for 1 turns
 45458 | Abyss:2  | Noticed a Hell Sentinel
 45471 | Abyss:2  | Killed from afar by a Hell Sentinel

Illustrated notes

Levels and vault maps discovered:
D:1:      denvon_arrival_planthouse, layout_basic,
          shapermc_ecumenical_altar_rom_forum, kennysheep_doodads
D:2:      layout_rooms, lightli_corner_chamber
D:3:      layout_basic, minmay_misc_feat_enclosed, minmay_rat_hole,
          uniq_sigmund, uniq_jessica, uniq_ijyb, uniq_grinder
D:4:      layout_basic, mainiacjoe_overflow_alcove_1
D:5:      layout_loops_corners, mainiacjoe_overflow_alcove_2,
          minmay_overflow_temple_star_quad, uniq_menkaure
D:6:      layout_rooms, minmay_temple_entry_butterflies
D:7:      layout_loops_cross, general_overflow_altar, zin_academy,
          nicolae_concentric_dashed_squares_wild, kennysheep_generic_room_11
D:8:      layout_loops_corners, lightli_temple_of_fire, kennysheep_little_box,
          corexii_hall_statues_u, minmay_door_square, uniq_amaemon, uniq_psyche
D:9:      layout_basic, lemuel_round_altar, nicolae_ru_awakened_eye,
          grunt_qazlal_sundering
D:10:     layout_irregular_city, lemuel_round_altar, erik_lair_dragon,
          erik_orc_4
D:11:     layout_stronghold, serial_shops, nicolae_shop_advertising_works
          [nicolae_subvault_shop_adworks]
D:12:     layout_roguey, minmay_misc_feat_columns, minmay_between
D:13:     layout_basic, grunt_vaults_entry_tiered, serial_shops,
          nicolae_shop_statue_plus, shop, kennysheep_mini, shop, shop,
          grunt_livestock
D:14:     layout_irregular_city, serial_shops, shop_scrolls,
          nicolae_hepliaklqana_hazy_memory, kennysheep_generic_room_2,
          uniq_rupert
D:15:     grunt_enter_depths_magical_seal, layout_gridville, hangedman_aviary
Temple:   nicolae_temple_cloud_nine
Lair:1:   layout_roguey [special_room_bee], st_stairs_7
Lair:2:   nzn_winding_woodlands_medium [nzn_winding_woodlands_5x5_perimeter,
          nzn_winding_woodlands_5x15_cabin, nzn_winding_woodlands_hourglass,
          nzn_winding_woodlands_5x5_open_star,
          nzn_winding_woodlands_center_garden, nzn_winding_woodlands_5x5_cross,
          nzn_winding_woodlands_5x5_closed_star,
          nzn_winding_woodlands_5x15_pool, nzn_winding_woodlands_5x5_three],
          layout_cave_pods, grunt_megastairs_2
Lair:3:   layout_regular_city, elwin_shoals_entry_rooms,
          hellmonk_spider_entry_life_and_decay
Lair:4:   layout_regular_city, serial_bayou_pond_e, nzn_sisyphean_effort,
          uniq_kirke, uniq_urug
Lair:5:   layout_cave_pods, dpeg_slime_entry_corner,
          gammafunk_ghost_wrathful_warriors
Lair:6:   due_jungle_book, layout_cave_pods, gammafunk_ghost_arena, uniq_sonja
Orc:1:    nicolae_orc_accident_3, layout_diamond_mine
Orc:2:    st_orc_town, layout_caves, nicolae_shop_gadgets
Elf:1:    elf_arrival_002, layout_geoelf_diagonals, minmay_elf_demonology
Elf:2:    nicolae_elf_blades_splatter_lattice
          [nicolae_blade_entry_area_security], layout_geoelf_grid,
          einodemon_barbed_minivault, grunt_megastairs_3
Elf:3:    elf_hall, layout_rooms, grunt_megastairs_1
Abyss:2:  base: Orc:1, evilmike_abyss_exit_6, hangedman_abyss_shoalhut,
          minivault_27, minivault_27, base: D:3, evilmike_abyss_exit_mutagenic,
          hangedman_abyss_or_decor_stagger, hangedman_abyss_or_decor_passed,
          hangedman_abyss_or_decor_passed

Skill      XL: |  1  2  3  4  5  6  7  8  9 10 11 12 13 14 15 16 17 18 |
---------------+-------------------------------------------------------+-----
Fighting       | 4 5 6 7 9 11 12 13 15 16 17 18 19 20 | 20.8
Maces & Flails | 3 4 5 6 8 9 11 12 13 14 15 16 18 19 | 19.0
Armour         | 4 5 7 8 9 10 11 12 13 14 15 | 15.2
Shields        | 4 5 6 8 9 10 11 12 13 14 15 | 15.2
Invocations    | 1 4 6 7 9 |  9.6

Action                   |  1- 3 |  4- 6 |  7- 9 | 10-12 | 13-15 | 16-18 || total
-------------------------+-------+-------+-------+-------+-------+-------++-------
Melee: Flail             |   111 |   114 |   319 |    19 |       |       ||   563
       Demon whip        |       |       |       |   597 |       |   983 ||  1580
       Eveningstar       |       |       |       |    50 |  1307 |   409 ||  1766
       Unarmed           |       |       |       |       |    22 |       ||    22
Invok: Heroism           |       |       |       |    13 |    15 |    25 ||    53
       Finesse           |       |       |       |       |     2 |     5 ||     7
  Use: Scroll            |       |     8 |     6 |     8 |    16 |    14 ||    52
       Potion            |       |     1 |     2 |     3 |     3 |    10 ||    19
 Stab: Petrified         |       |       |       |       |       |     4 ||     4
       Distracted        |       |       |       |       |       |     1 ||     1
Armor: Scale mail        |   103 |    77 |    83 |       |       |       ||   263
       Chain mail        |       |       |   144 |   353 |   788 |   762 ||  2047
       Skin              |       |       |     4 |       |       |       ||     4
Dodge: Dodged            |    80 |    54 |   122 |   199 |   430 |   357 ||  1242
Block: Buckler           |    29 |    38 |    83 |   281 |   575 |   221 ||  1227
       Kite shield       |       |       |       |       |       |   435 ||   435
       Reflection        |       |       |       |       |       |    33 ||    33

Table legend: (Time is in decaauts)
 A = Elapsed time spent in this place.
 B = Non-inter-level travel time spent in this place.
 C = Inter-level travel time spent in this place.
 D = Time resting spent in this place.
 E = Time spent auto-exploring this place.
 F = Levels seen in this place.
 G = Mean time per level.
                   A        B        C        D        E       F      G
               +--------+--------+--------+--------+--------+-----+--------+
         Total |  44534 |  42242 |   2292 |  11163 |  24842 |  29 | 1535.7 |
       Dungeon |  20744 |  19467 |   1277 |   3696 |  13159 |  15 | 1382.9 |
        Temple |     53 |     39 |     14 |      0 |     37 |   1 |   53.0 |
          Lair |  12072 |  11482 |    590 |   2491 |   7506 |   6 | 2012.0 |
  Orcish Mines |   3724 |   3514 |    210 |   1912 |   1192 |   2 | 1862.0 |
   Elven Halls |   7039 |   6840 |    199 |   3064 |   2801 |   3 | 2346.3 |
         Abyss |    899 |    899 |      0 |      0 |    146 |   2 |  449.5 |
               +--------+--------+--------+--------+--------+-----+--------+

Top non-repeatable levels by time:
  Lair:6: 3079 daAuts
   Elf:3: 2884 daAuts
   Orc:2: 2343 daAuts
    D:12: 2268 daAuts
  Lair:5: 2257 daAuts
   Elf:2: 2237 daAuts
  Lair:4: 1966 daAuts
     D:9: 1940 daAuts
   Elf:1: 1917 daAuts
     D:8: 1817 daAuts
    D:10: 1775 daAuts
  Lair:1: 1748 daAuts
    D:14: 1665 daAuts
  Lair:3: 1594 daAuts
    D:15: 1502 daAuts
